 Dungeon Crawl Stone Soup version 0.31-a0-145-g046c7d2549 (webtiles) character file.

Game seed: 8048711514105540946

15 Irreverend the Vexing (level 2, -4/16 HPs)
             Began as a Deep Elf Hexslinger on June 7, 2023.
             Slain by a gnoll
             ... wielding a +0 spear
              (9 damage)
             ... on level 1 of the Dungeon.
             The game lasted 00:00:52 (236 turns).

Irreverend the Vexing (Deep Elf Hexslinger)          Turns: 236, Time: 00:00:52

Health: -4/16      AC:  2    Str:  5    XL:     2   Next: 34%
Magic:  5/6        EV: 13    Int: 17    God:
Gold:   51         SH:  0    Dex: 17    Spells: 3/4 levels left

rFire   . . .        a - +1 sling
rCold   . . .        (no shield)
rNeg    . . .        c - +0 robe
rPois   .            (no helmet)
rElec   .            (no cloak)
rCorr   .            (no gloves)
SInv    .            (no boots)
Will    .....        (no amulet)
Stlth   ++           (no ring)
HPRegen 0.22/turn    (no ring)
MPRegen 0.10/turn

%: no passive effects
@: no status effects
A: no striking features
a: no special abilities


You were on level 1 of the Dungeon.
You visited 1 branch of the dungeon, and saw 1 of its levels.

You collected 51 gold pieces.

Inventory:

Hand Weapons
 a - a +1 sling (weapon)
Armour
 c - a +0 robe (worn)
Scrolls
 b - a scroll of poison
 d - a scroll of enchant weapon {unknown}
Potions
 e - a potion of degeneration {unknown}


   Skills:
 + Level 1.1 Fighting
 * Level 3.5 Ranged Weapons
 + Level 2.7 Dodging
 - Level 1.5 Spellcasting
 - Level 4.0 Hexes


You had 3 spell levels left.
You knew the following spells:

 Your Spells              Type           Power      Damage    Failure   Level
a - Slow                  Hex            56%        N/A       4%          1

Your spell library contained the following spells:

 Spells                   Type           Power      Damage    Failure   Level
 Inner Flame              Hex/Fire       8%         N/A       26%         3
 Portal Projectile        Hex/Tloc       16%        N/A       26%         3
 Cause Fear               Hex            7%         N/A       36%         4


Dungeon Overview and Level Annotations

Branches:
Dungeon (1/15)

Altars:


Message History

The gnoll hits the plant with a +0 spear.
The plant begins to die.
You shoot a sling bullet. The sling bullet hits the rat.
The rat is heavily wounded.
The gnoll hits the plant with a +0 spear.
The plant begins to die.
The gnoll hits the plant with a +0 spear.
You shoot a sling bullet. The sling bullet barely misses the rat.
The gnoll hits the plant with a +0 spear.
You shoot a sling bullet. The sling bullet hits the rat!
You kill the rat!
A nearby plant withers and dies.
A nearby plant withers and dies.
You shoot a sling bullet. The sling bullet hits the gnoll.
The gnoll is lightly wounded.
You shoot a sling bullet. The sling bullet hits the gnoll.
The gnoll is moderately wounded.
The gnoll hits you from afar with a +0 spear.
You shoot a sling bullet. The sling bullet hits the gnoll.
The gnoll is moderately wounded.
The gnoll completely misses you.
You shoot a sling bullet. The sling bullet hits the gnoll.
The gnoll is severely wounded.
The gnoll hits you from afar with a +0 spear.
You shoot a sling bullet.
The sling bullet barely misses the gnoll.
The sling bullet hits the plant.
The plant begins to die.
The plant is lightly damaged.
The gnoll hits you from afar with a +0 spear.
You are too injured to fight recklessly!
You are too injured to fight recklessly!
You are too injured to fight recklessly!
You are too injured to fight recklessly!
Aiming: Slow (safe; 4% risk of failure)
Press: ? - help, Q - select action, (/) - cycle Shift-Dir - straight line, f/p - gnoll
Aim: a gnoll, wielding a +0 spear (severely wounded, chance to affect: 56%)
The gnoll seems to slow down.
The gnoll hits you from afar with a +0 spear!
Ouch! That really hurt!
You die...

#........ ..#
###...# .........
..# #.'...#
......... #.#...#
#.#...# ##.#...#
#..#...# #.##...#
##########.##...#
.......@...##...#
.........###
.......g.#
######+.##
#....†......# #
#.....PPPP...# ##
#....P.......# .#
#.....P..P.P.. ..
#..?.P.......#


You could see a gnoll (slow).

Vanquished Creatures
  3 endoplasms (D:1)
  A giant cockroach (D:1)
  2 quokkas (D:1)
  2 ball pythons (D:1)
  3 bats (D:1)
  A frilled lizard (D:1)
  2 kobolds (D:1)
  2 rats (D:1)
16 creatures vanquished.

Notes
Turn   | Place    | Note
-------+----------+-------------------------------------------
     0 | D:1      | Irreverend the Deep Elf Hexslinger began the quest for the
                  | Orb.
     0 | D:1      | Reached XP level 1. HP: 11/11 MP: 5/5
   103 | D:1      | Reached skill level 1 in Fighting
   145 | D:1      | Reached XP level 2. HP: 16/16 MP: 6/6
   236 | D:1      | Slain by a gnoll

Illustrated notes

Levels and vault maps discovered:
D:1:      enne_arrival_octagon_isle, layout_basic, nicolae_grassy_gnolls

Skill      XL: |  1 |
---------------+----+-----
Ranged Weapons | 3 |  3.5
Fighting       | 1 |  1.1
Dodging        | |  2.7
Spellcasting   | |  1.5
Hexes          | |  4.0

Action                     || total
---------------------------++-------
   Fire: Sling             ||    62
   Cast: Slow              ||     2
 Armour: Robe              ||     6
  Dodge: Dodged            ||    18

Table legend: (Time is in decaauts)
 A = Elapsed time spent in this place.
 B = Non-inter-level travel time spent in this place.
 C = Inter-level travel time spent in this place.
 D = Time resting spent in this place.
 E = Time spent auto-exploring this place.
 F = Levels seen in this place.
 G = Mean time per level.
                   A        B        C        D        E       F      G
               +--------+--------+--------+--------+--------+-----+--------+
         Total |    250 |    250 |      0 |      0 |    146 |   1 |  250.0 |
       Dungeon |    250 |    250 |      0 |      0 |    146 |   1 |  250.0 |
               +--------+--------+--------+--------+--------+-----+--------+

Top non-repeatable levels by time:
     D:1: 250 daAuts
